 Dungeon Crawl Stone Soup version 0.31.0-32-g396128a36d (webtiles) character file.

Game seed: 11266147367625498863

122 Alphaeus the Shield-Bearer (level 5, -1/42 HPs)
             Began as a Formicid Fighter on Mar 20, 2024.
             Was a Follower of Cheibriados.
             Killed from afar by an orc wizard (8 damage)
             ... with a puff of flame
             ... on level 4 of the Dungeon.
             The game lasted 00:03:27 (2401 turns).

Alphaeus the Shield-Bearer (Formicid Fighter)       Turns: 2401, Time: 00:03:28

Health: -1/42      AC:  7    Str: 20 (22) XL:     5   Next: 27%
Magic:  5/5        EV:  9    Int:  9 (12) God:    Cheibriados [*.....]
Gold:   104        SH:  5    Dex: 14 (15) Spells: 4/4 levels left

rFire   . . .        a - +0 war axe
rCold   . . .        c - +0 buckler
rNeg    . . .        b - +0 scale mail
rPois   .            (helmet unavailable)
rElec   .            (no cloak)
rCorr   .            (no gloves)
SInv    +            (no boots)
Will    .....        (no amulet) Stlth
                     (no ring)
HPRegen 0.27/turn    (no ring)
MPRegen 0.09/turn

%: no passive effects
@: lethally poisoned (-1 -> -21), very slow
A: permanent stasis, dig shafts and tunnels, antennae 3, four strong arms
a: Dig, Shaft Self, Renounce Religion, Bend Time


You were on level 4 of the Dungeon.
You worshipped Cheibriados.
Cheibriados was aware of your devotion.
You visited 1 branch of the dungeon, and saw 4 of its levels.

You collected 104 gold pieces.

Inventory:

Hand Weapons
 a - a +0 war axe (weapon)
Armour
 b - a +0 scale mail (worn)
 c - a +0 buckler (worn)
Jewellery
 e - an amulet of reflection
 j - a +6 ring of dexterity
Scrolls
 f - 4 scrolls of identify {unknown}
 h - a scroll of revelation {unknown}
 i - 2 scrolls of silence {unknown}
 k - a scroll of enchant weapon {unknown}
 l - 3 scrolls of blinking {unknown}
 o - a scroll of brand weapon {unknown}
 q - a scroll of fog {unknown}
 s - a scroll of teleportation {unknown}
 v - a scroll of poison {unknown}
Potions
 d - a potion of might
 g - a potion of heal wounds
 m - a potion of degeneration
 n - 2 potions of curing {unknown}
 p - a potion of haste {unknown}
 r - a potion of invisibility {unknown}
 t - a potion of attraction {unknown}
 u - a potion of brilliance {unknown}


   Skills:
 + Level 4.0 Fighting
 * Level 3.5 Axes
 + Level 4.0 Armour
 + Level 4.9 Shields


You had 4 spell levels left.
You didn't know any spells.
Your spell library contained the following spells:

 Spells                   Type           Power      Damage    Failure   Level
 Sublimation of Blood     Necr           0%         N/A       91%         2
 Tukima's Dance           Hex            0%         N/A       99%         3
 Dimensional Bullseye     Hex/Tloc       0%         N/A       100%        4
 Iskenderun's Mystic Bla  Conj/Tloc      0%         2d3       100%        4
 Petrify                  Alch/Erth      0%         N/A       100%        4
 Irradiate                Conj/Alch      0%         3d11      100%        5


Dungeon Overview and Level Annotations

Branches:
Dungeon (4/15)
 Temple: D:4-7

Altars:
Cheibriados
Dithmenos
Gozag
Ru
Xom
The Shining One


Innate Abilities, Weirdness & Mutations

You cannot be hasted, slowed, berserked, paralysed or teleported.
You can dig through walls and to a lower floor.
You have a pair of large antennae on your head. (SInv)
Your four strong arms can wield two-handed weapons with a shield.


Message History

The orc priest calls down the wrath of Beogh upon you.
Beogh smites you!
* * * LOW HITPOINT WARNING * * *
The orc wizard hits you with a +2 dagger of venom.
* * * LOW HITPOINT WARNING * * *
You are more poisoned.
You feel much better.
You feel very sick. The orc priest barely misses you.
The orc wizard hits you but does no damage.
You are lethally poisoned!
It was a potion of degeneration.
There was something very wrong with that liquid.
You feel weakened.
You feel dopey.
You feel clumsy.
You feel very sick.
The orc wizard hits you with a +2 dagger of venom.
You block the orc priest's attack.
You closely miss the orc wizard.
The orc wizard is moderately wounded.
You hit the phantom but do no damage. You hit the orc priest.
You feel very sick. The phantom hits you.
* * * LOW HITPOINT WARNING * * *
The orc priest mumbles some strange prayers to Beogh against you.
You struggle to resist.
You block the orc wizard's attack. The phantom barely misses you.
You block the orc priest's attack.
The orc wizard hits you but does no damage.
You are more poisoned.
The orc wizard mumbles some strange words.
The orc wizard flickers and vanishes for a moment.
You hit the orc wizard.
The orc wizard is heavily wounded.
You hit the orc priest but do no damage.
You slash the phantom!
* * * LOW HITPOINT WARNING * * *
You feel very sick.
The phantom hits you but does no damage.
The orc priest barely misses you.
The orc wizard points at you and mumbles some strange words.
The puff of flame hits you!
You die...

####.## +###.....#
.....!..# #......#
#......# #....S.#
#..oWoo# #@# #.# #.#
##'## ######...#
#...##...#####
#######...##.......#
..........'........#
########...#........#


You could see a phantom, an orc priest, 2 orc wizards and an adder.

Vanquished Creatures
  6 adders
  2 ribbon worms (D:2)
  5 dart slugs
  An orc (D:3)
  4 endoplasms
  A giant cockroach (D:1)
  5 goblins
  5 hobgoblins
  3 jackals (D:2)
  6 quokkas
  5 ball pythons
  3 bats
  2 frilled lizards
  5 rats
53 creatures vanquished.

Notes
Turn   | Place    | Note
-------+----------+-------------------------------------------
     0 | D:1      | Alphaeus the Formicid Fighter began the quest for the Orb.
     0 | D:1      | Reached XP level 1. HP: 18/18 MP: 1/1
   382 | D:1      | Reached XP level 2. HP: 21/24 MP: 2/2
   624 | D:1      | Reached XP level 3. HP: 28/29 MP: 3/3
  1007 | D:2      | Reached XP level 4. HP: 13/37 MP: 4/4
  1114 | D:2      | Found a snail-covered altar of Cheibriados.
  1126 | D:2      | Became a worshipper of Cheibriados the Contemplative
  1313 | D:2      | Reached * piety under Cheibriados
  1485 | D:3      | Found an opulent altar of Gozag.
  1573 | D:3      | Reached XP level 5. HP: 38/42 MP: 5/5
  1575 | D:3      | Found a shimmering altar of Xom.
  1653 | D:3      | Found a glowing golden altar of the Shining One.
  1653 | D:3      | Found a sacrificial altar of Ru.
  1935 | D:3      | Found a shadowy altar of Dithmenos.
  2391 | D:4      | Noticed a phantom
  2401 | D:4      | Killed from afar by an orc wizard

Illustrated notes

Levels and vault maps discovered:
D:1:      minmay_arrival_four_houses, layout_loops_corners,
          minmay_misc_feat_secret_circle
D:2:      layout_rooms, basic_altar, minmay_pentomino_s4
D:3:      layout_basic, mainiacjoe_overflow_six_doors_small,
          grunt_gozag_statues, nicolae_overflow_two_pavilions,
          mainiacjoe_overflow_concentric_impassable, minmay_close_crescents
D:4:      layout_basic, lemuel_doored_altar, kennysheep_little_box,
          lemuel_tele_altar, uniq_grinder

Skill      XL: |  1  2  3  4  5 |
---------------+----------------+-----
Axes           | 3 |  3.5
Armour         | 4 |  4.0
Fighting       | 4 |  4.0
Shields        | |  4.9

Action                     |  1- 3 |  4- 6 || total
---------------------------+-------+-------++-------
  Melee: War axe           |    73 |    85 ||   158
    Use: Potion            |       |     3 ||     3
 Armour: Scale mail        |    51 |    79 ||   130
  Dodge: Dodged            |    21 |    51 ||    72
  Block: Buckler           |    21 |    34 ||    55
